 Dungeon Crawl Stone Soup version 0.27-a0-1149-g4505690ab0 (webtiles) character file.

Game seed: 11362062528543730770

2 Azzok the Shield-Bearer (level 1, -3/18 HPs)
             Began as a Formicid Fighter on May 13, 2021.
             Slain by Crazy Yiuf
             ... wielding a +4 quarterstaff of chaos
              (9 damage)
             ... on level 2 of the Dungeon.
             The game lasted 00:00:14 (285 turns).

Azzok the Shield-Bearer (Formicid Fighter)           Turns: 285, Time: 00:00:15

Health: -3/18      AC:  6    Str: 20    XL:     1   Next: 33%
Magic:  1/1        EV:  9    Int:  7    God:
Gold:   7          SH:  0    Dex: 10    Spells: 0/0 levels left

rFire    . . .     SeeInvis +   a - +0 war axe
rCold    . . .     Faith    .   (no shield)
rNeg     . . .     Spirit   .   b - +0 scale mail
rPois    .         Reflect  .   (helmet unavailable)
rElec    .         Harm     .   (no cloak)
rCorr    .         Rampage  .   (no gloves)
Will     .....                  (no boots)
Stlth    ..........             (no amulet)
HPRegen  0.06/turn              (no ring)
MPRegen  0.07/turn              (no ring)

@: no status effects
A: permanent stasis, dig shafts and tunnels, antennae 3, four strong arms
a: Dig, Shaft Self


You were on level 2 of the Dungeon.
You visited 1 branch of the dungeon, and saw 2 of its levels.

You collected 7 gold pieces.

Inventory:

Hand Weapons
 a - a +0 war axe (weapon)
Armour
 b - a +0 scale mail (worn)
 c - a +0 kite shield
Jewellery
 e - a ring of poison resistance
 f - a ring of ice
Scrolls
 g - a scroll of teleportation {unknown}
Potions
 d - a potion of might


   Skills:
 - Level 3.2 Fighting
 + Level 2.2 Axes
 - Level 3.2 Armour
 - Level 3.6 Shields


You couldn't memorise any spells.
You didn't know any spells.
Your spell library was empty.

Dungeon Overview and Level Annotations

Branches:
Dungeon (1/15)

Altars:

Annotations:
D:2 Crazy Yiuf


Innate Abilities, Weirdness & Mutations

You cannot be hasted, slowed, berserked, paralysed or teleported.
You can dig through walls and to a lower floor.
You have a pair of large antennae on your head. (SInv)
Your four strong arms can wield two-handed weapons with a shield.


Message History

You closely miss the frilled lizard. The frilled lizard closely misses you.
The frilled lizard barely misses you.
You hit the frilled lizard.
You kill the frilled lizard!
Found a stone staircase leading up.
You see here a ball python corpse.
You now have 7 gold pieces.
e - a ring of poison resistance
Found a stone staircase leading down.
f - a ring of ice
g - a scroll labelled HUUSOAD VAIJYCH
Found a mace.
Found a runed translucent door.
Crazy Yiuf shouts!
You sense a monster nearby.
Crazy Yiuf says, "Pitchfork eyeball cloud!"
As you open the door, it creaks loudly!
You slash Crazy Yiuf!
Crazy Yiuf is heavily wounded.
Crazy Yiuf barely misses you.
You barely miss Crazy Yiuf.
Crazy Yiuf is heavily wounded.
Crazy Yiuf completely misses you.
You hit Crazy Yiuf but do no damage.
Crazy Yiuf is heavily wounded.
Crazy Yiuf hits you with a +4 quarterstaff of chaos.
Crazy Yiuf burns you. Crazy Yiuf closely misses you.
You hit Crazy Yiuf but do no damage.
Crazy Yiuf is heavily wounded.
Crazy Yiuf closely misses you.
You closely miss Crazy Yiuf.
Crazy Yiuf is heavily wounded.
Crazy Yiuf hits you with a +4 quarterstaff of chaos!
You barely miss Crazy Yiuf.
Crazy Yiuf is heavily wounded.
Crazy Yiuf barely misses you. x2
You closely miss Crazy Yiuf.
Crazy Yiuf is heavily wounded.
Crazy Yiuf hits you with a +4 quarterstaff of chaos!
Ouch! That really hurt!
You die...

▒▒▒▒·········▒
···▒·▒▒▒·▒▒▒·▒
···÷·········▒
▒▒·▒▒▒·▒▒▒▒▒▒▒
▒▒·▒ ▒·▒ ▒▒·▒ ▒·▒
▒▒·▒ ▒·▒▒▒♣♣ ▒▒▒
▒▒·▒ ▒···▒·♣♣
♣♣▒··)▒ ▒▒·▒
▒······♣♣♣♣@g···▒
▒<
▒·······♣··♣▒···▒
▒·▒·▒··♣·♣♣♣ ▒▒▒
▒··▒▒♣♣♣♣♣ ▒···
▒·▒▒ ▒· ▒


You could see Crazy Yiuf.

Vanquished Creatures
  A ball python (D:2)
  A frilled lizard (D:2)
2 creatures vanquished.

Notes
Turn   | Place    | Note
-------+----------+-------------------------------------------
     0 | D:1      | Azzok the Formicid Fighter began the quest for the Orb.
     0 | D:1      | Reached XP level 1. HP: 18/18 MP: 1/1
    38 | D:1      | You fall into a shaft and drop 1 floor!
   274 | D:2      | Found a runed translucent door.
   275 | D:2      | Noticed Crazy Yiuf
   285 | D:2      | Slain by Crazy Yiuf

Illustrated notes

Levels and vault maps discovered:
D:1:      dpeg_arrival_signposts, layout_loops_cross,
          chequers_ecumenical_altar_island, serial_co_window_serial,
          co_window_corner_a, co_window_paths_a, co_window_paths_a,
          co_window_paths_a, co_window_paths_a, co_window_paths_c,
          co_window_broadway_a, co_window_corner_b, co_window_2corner,
          co_window_of_opportunity_c, glass_columns_a, glass_columns_b,
          minmay_tromino_v7
D:2:      layout_loops_ring, minmay_hedge_maze, uniq_crazy_yiuf_cottage

Action                   || total
-------------------------++-------
Melee: War axe           ||    17
Armor: Scale mail        ||     4
Dodge: Dodged            ||    12

Table legend: (Time is in decaauts)
 A = Elapsed time spent in this place.
 B = Non-inter-level travel time spent in this place.
 C = Inter-level travel time spent in this place.
 D = Time resting spent in this place.
 E = Time spent auto-exploring this place.
 F = Levels seen in this place.
 G = Mean time per level.
                   A        B        C        D        E       F      G
               +--------+--------+--------+--------+--------+-----+--------+
         Total |    291 |    291 |      0 |      0 |    253 |   2 |  145.5 |
       Dungeon |    291 |    291 |      0 |      0 |    253 |   2 |  145.5 |
               +--------+--------+--------+--------+--------+-----+--------+

Top non-repeatable levels by time:
     D:2: 253 daAuts
     D:1: 38 daAuts
